 Dungeon Crawl Stone Soup version 0.29.1-15-g9cfb28693d (webtiles) character file.

Game seed: 16525913190627019618

602 Hugehornet the Conjurer (level 7, -1/36 HPs)
             Began as a Deep Elf Conjurer on Mar 16, 2023.
             Slain by Duvessa
             ... wielding a +0 rapier
              (9 damage)
             ... on level 5 of the Dungeon.
             The game lasted 00:12:19 (5243 turns).

Hugehornet the Conjurer (Deep Elf Conjurer)         Turns: 5243, Time: 00:12:20

Health: -1/36      AC:  2    Str:  4    XL:     7   Next: 18%
Magic:  14/18      EV: 13    Int: 25    God:
Gold:   276        SH:  0    Dex: 19    Spells: 13/18 levels left

rFire   . . .      SeeInvis .   u - +2 dagger (protect)
rCold   . . .      Faith    .   (no shield)
rNeg    . . .      Spirit   .   a - +0 robe
rPois   .          Reflect  .   (no helmet)
rElec   .          Harm     .   (no cloak)
rCorr   .          Rampage  .   (no gloves)
Will    .....                   (no boots)
Stlth   ++........              (no amulet)
HPRegen 0.12/turn               h - +6 ring of dexterity
MPRegen 0.16/turn               (no ring)

@: no status effects
A: no striking features
a: no special abilities


You were on level 5 of the Dungeon.
You visited 1 branch of the dungeon, and saw 5 of its levels.

You collected 276 gold pieces.

Inventory:

Hand Weapons
 c - a +2 short sword of electrocution
 u - a +2 dagger of protection (weapon)
Missiles
 q - 2 throwing nets
Armour
 a - a +0 robe (worn)
Jewellery
 h - a +6 ring of dexterity (left hand)
Scrolls
 d - a scroll of enchant armour {unknown}
 f - 2 scrolls of vulnerability {unknown}
 g - 6 scrolls of fear {unknown}
 j - 6 scrolls of teleportation {unknown}
 k - a scroll of amnesia {unknown}
 m - 9 scrolls of identify {unknown}
 n - a scroll of immolation {unknown}
 t - a scroll of noise {unknown}
Potions
 b - a potion of magic
 e - 3 potions of flight {unknown}
 i - a potion of lignification {unknown}
 l - a potion of berserk rage {unknown}
 o - 3 potions of heal wounds {unknown}
 p - 2 potions of brilliance {unknown}
 r - 2 potions of might {unknown}
 s - a potion of haste {unknown}
 v - 2 potions of curing {unknown}


   Skills:
 - Level 2.4 Dodging
 - Level 2.4 Stealth
 + Level 6.0 Spellcasting
 * Level 7.8 Conjurations
 - Level 2.0 Transmutations
 - Level 2.0 Earth Magic


You had 13 spell levels left.
You knew the following spells:

 Your Spells              Type           Power      Damage    Failure   Level
a - Magic Dart            Conj           100%       1d8       1%          1
b - Searing Ray           Conj           92%        2d7       1%          2
c - Passwall              Tmut/Erth      14%        N/A       4%          2

Your spell library contained the following spells:

 Spells                   Type           Power      Damage    Failure   Level
 Dazzling Flash           Conj/Hex       54%        N/A       4%          3
 Ensorcelled Hibernation  Hex/Ice        14%        N/A       11%         2
 Fulminant Prism          Conj/Hex       13%        3d9       14%         4
 Iskenderun's Mystic Bla  Conj/Tloc      27%        2d7       14%         4
 Swiftness                Air            7%         N/A       22%         3


Dungeon Overview and Level Annotations

Branches:
Dungeon (5/15)
 Temple: D:4-7

Altars:
Okawaru
Ru
Sif Muna

Annotations:
D:5 Dowan, Duvessa


Message History

Found a stone staircase leading down.
Duvessa, Sister of Dowan comes into view.
She is wielding a +0 rapier.
Casting: Searing Ray (safe; 1% risk of failure)
Confirm with . or Enter, or press ? or * to list all spells.
You can't see any susceptible monsters within range! (Use Z to cast anyway.) Dowan and a scorpion come into view.
Duvessa shouts!
There is an open door here.
There is a stone staircase leading up here.
Duvessa hits you with a +0 rapier.
You climb upwards.
There is a stone staircase leading down here.
You climb downwards.
Level annotation: Dowan, Duvessa Duvessa says, "My weaknesses are his strengths!"
Duvessa barely misses you.
There is a stone staircase leading up here.
Casting: Searing Ray (safe; 1% risk of failure)
Confirm with . or Enter, or press ? or * to list all spells.
Aiming: Searing Ray (safe; 1% risk of failure)
Press: ? - help, Shift-Dir - straight line, f - Duvessa
Aim: Duvessa, wielding a +0 rapier and wearing a +0 leather armour (84% to hit)
The searing ray hits Duvessa!
Duvessa is moderately wounded. (Press . to maintain the ray.) Duvessa closely misses you.
The searing ray hits Duvessa.
Duvessa is moderately wounded.
Duvessa hits you with a +0 rapier!
The searing ray hits Duvessa!
Duvessa is severely wounded.
Duvessa hits you with a +0 rapier.
The searing ray hits Duvessa!
Duvessa is almost dead.
You finish channelling your searing ray.
Duvessa hits you with a +0 rapier. Duvessa hits you with a +0 rapier.
* * * LOW HITPOINT WARNING * * *
Duvessa hits you with a +0 rapier!
You die...

#.# ##'## #...#
#...# ###...#
#.+e..# ######.#...#
#..e.#'#...#
#.#@.......#
#.#........#
#.+........#########
###........)........
#.......##........
#........+........
#........#........
##........#........
##.........#..).....


You could see Duvessa.

Vanquished Creatures
  2 ogres
  2 necrophages
  A scorpion (D:4)
  A hound (D:5)
  2 orc wizards (D:4)
  Natasha (D:2)
  4 adders
  4 gnolls (D:2)
  A shadow imp (D:5)
  2 white imps (D:5)
  2 ufetubi
  A dart slug (D:4)
  2 orcs
  2 bats
  3 endoplasms
  7 giant cockroaches
  4 goblins
  9 hobgoblins
  2 quokkas
  2 ball pythons (D:4)
  A frilled lizard (D:2)
  8 kobolds
  4 rats
67 creatures vanquished.

Notes
Turn   | Place    | Note
-------+----------+-------------------------------------------
     0 | D:1      | Hugehornet the Deep Elf Conjurer began the quest for the
                  | Orb.
     0 | D:1      | Reached XP level 1. HP: 10/10 MP: 6/6
   689 | D:1      | Found a faded altar of an unknown god.
   831 | D:1      | Reached XP level 2. HP: 15/15 MP: 6/8
  1301 | D:2      | Reached skill level 5 in Conjurations
  1490 | D:2      | Reached XP level 3. HP: 19/19 MP: 7/10
  1662 | D:2      | Noticed Natasha
  1665 | D:2      | Killed Natasha
  1951 | D:2      | Reached XP level 4. HP: 24/24 MP: 6/12
  2124 | D:3      | Reached skill level 6 in Conjurations
  2260 | D:3      | Found a sacrificial altar of Ru.
  3002 | D:4      | Reached XP level 5. HP: 28/28 MP: 7/13
  3268 | D:4      | Found an iron altar of Okawaru.
  3533 | D:4      | Found a shimmering blue altar of Sif Muna.
  3588 | D:4      | Reached skill level 5 in Spellcasting
  3675 | D:4      | Noticed an ogre
  3742 | D:3      | Learned a level 2 spell: Searing Ray
  3745 | D:3      | Learned a level 2 spell: Passwall
  3778 | D:4      | Killed an ogre
  3779 | D:4      | Reached XP level 6. HP: 32/32 MP: 8/15
  3791 | D:4      | Reached skill level 7 in Conjurations
  3791 | D:4      | Reached skill level 1 in Transmutations
  3791 | D:4      | Reached skill level 1 in Earth Magic
  4365 | D:5      | Entered Level 5 of the Dungeon
  4451 | D:5      | Reached XP level 7. HP: 36/36 MP: 9/17
  5199 | D:5      | Noticed Duvessa
  5200 | D:5      | Noticed Dowan
  5243 | D:5      | Slain by Duvessa

Illustrated notes

Levels and vault maps discovered:
D:1:      amcnicky_arrival_double_pillar, layout_loops_corners,
          ebering_ecumenical_altar_mist, corexii_hall_statues_u
D:2:      layout_rooms, reono_crystal_passage, uniq_natasha
D:3:      layout_loops_ring, mainiacjoe_overflow_alcove_2
D:4:      layout_basic, led_sif_book, overflow_temple_1_default,
          kennysheep_generic_room_16
D:5:      layout_basic, chequers_temple_overflow_minitemple,
          minmay_manual_mullet, uniq_edmund, uniq_duvessa

Skill      XL: |  1  2  3  4  5  6  7 |
---------------+----------------------+-----
Conjurations   | 5 6 7 |  7.8
Spellcasting   | 4 5 6 |  6.0
Transmutations | 2 |  2.0
Earth Magic    | 2 |  2.0
Dodging        | |  2.4
Stealth        | |  2.4

Action                   |  1- 3 |  4- 6 |  7- 9 || total
-------------------------+-------+-------+-------++-------
Melee: Short sword       |     4 |     2 |       ||     6
 Cast: Magic Dart        |    42 |    95 |     8 ||   145
       Searing Ray       |       |     7 |     3 ||    10
 Stab: Sleeping          |       |     1 |       ||     1
Armor: Robe              |       |     1 |       ||     1
Dodge: Dodged            |     5 |    11 |     4 ||    20
